 Dungeon Crawl Stone Soup version 0.28-b1-25-g9875b3fc8c (webtiles) character file.

Game seed: 7620754316878238737

160 sanka the Vexing (level 5, -1/30 HPs)
             Began as a Kobold Warper on Feb 7, 2022.
             Succumbed to an adder's poison
             ... on level 4 of the Dungeon.
             The game lasted 00:05:04 (4848 turns).

sanka the Vexing (Kobold Warper)                    Turns: 4848, Time: 00:05:05

Health: -1/30      AC:  4    Str:  8    XL:     5   Next: 69%
Magic:  9/9        EV: 14    Int: 17    God:
Gold:   119        SH:  0    Dex: 14    Spells: 7/10 levels left

rFire   . . .      SeeInvis .   a - +0 short sword (drain)
rCold   . . .      Faith    .   (no shield)
rNeg    . . .      Spirit   .   t - +0 leather armour
rPois   .          Reflect  .   (no helmet)
rElec   .          Harm     .   (no cloak)
rCorr   .          Rampage  .   r - +0 pair of gloves
Will    .....                   (no boots)
Stlth   ++........              (no amulet)
HPRegen 0.10/turn               (no ring)
MPRegen 0.11/turn               (no ring)

@: lethally poisoned (-1 -> -19)
A: small, no large weapons, nightstalker 3
a: no special abilities


You were on level 4 of the Dungeon.
You visited 1 branch of the dungeon, and saw 4 of its levels.

You collected 119 gold pieces.

Inventory:

Hand Weapons
 a - a +0 short sword of draining (weapon)
 b - a +0 flail
 j - a +0 dagger
 p - a +0 mace
Missiles
 d - 5 boomerangs of dispersal (quivered)
Armour
 r - a +0 pair of gloves (worn)
 t - a +0 leather armour (worn)
Wands
 m - a wand of flame (14)
Scrolls
 c - a scroll of blinking
 f - a scroll of enchant weapon {unknown}
 h - 7 scrolls of identify {unknown}
 l - 2 scrolls of vulnerability {unknown}
 n - a scroll of summoning {unknown}
 o - a scroll of brand weapon {unknown}
 q - a scroll of teleportation {unknown}
 s - a scroll of noise {unknown}
 v - a scroll of enchant armour {unknown}
Potions
 e - a potion of degeneration {unknown}
 g - a potion of haste {unknown}
 i - a potion of attraction {unknown}
 k - 4 potions of curing {unknown}
 u - a potion of might {unknown}


   Skills:
 - Level 2.1 Fighting
 - Level 3.1 Maces & Flails
 - Level 1.1 Throwing
 - Level 0.7 Armour
 - Level 2.4 Dodging
 - Level 3.0 Spellcasting
 + Level 3.4 Hexes
 - Level 3.0 Translocations


You had 7 spell levels left.
You knew the following spells:

 Your Spells              Type           Power      Damage    Failure   Level
a - Confusing Touch       Hex            14%        N/A       19%         3

Your spell library contained the following spells:

 Spells                   Type           Power      Damage    Failure   Level
 Blink                    Tloc           24%        N/A       11%         2
 Gell's Gravitas          Tloc           12%        N/A       22%         3
 Lesser Beckoning         Tloc           12%        N/A       22%         3
 Teleport Other           Tloc           12%        N/A       22%         3
 Ozocubu's Armour         Ice            2%         N/A       58%         3
 Manifold Assault         Tloc           12%        N/A       89%         5
 Yara's Violent Unravell  Hex/Tmut       4%         3d4       98%         5
 Enfeeble                 Hex            7%         N/A       100%        7
 Ozocubu's Refrigeration  Ice            1%         4d5       100%        7


Dungeon Overview and Level Annotations

Branches:
Dungeon (4/15)
 Temple: D:4-7

Altars:


Innate Abilities, Weirdness & Mutations

You are small and have problems with some larger weapons.
You are completely attuned to the shadows.


Message History

The adder closely misses you.
You closely miss the adder.
The adder is lightly wounded.
You feel sick. The adder bites you but does no damage.
The adder barely misses you. x2
You miss the adder.
The adder is lightly wounded.
You feel sick. The adder bites you. The adder closely misses you.
The adder bites you but does no damage.
You closely miss the adder.
The adder is lightly wounded.
You feel sick.
You are no longer poisoned.
The adder bites you but does no damage. The adder bites you.
The adder barely misses you.
You barely miss the adder.
The adder is lightly wounded.
The adder closely misses you. The adder bites you.
You are poisoned.
The adder poisons you! The adder bites you.
You are more poisoned.
The adder poisons you!
You miss the adder.
The adder is lightly wounded.
You feel very sick. The adder bites you.
You are lethally poisoned!
The adder poisons you! The adder bites you.
* * * LOW HITPOINT WARNING * * *
You are more poisoned.
The adder poisons you!
You hit the adder.
The adder is lightly wounded.
* * * LOW HITPOINT WARNING * * *
You feel very sick. The adder closely misses you. x4
Unknown command.
You hit the adder.
The adder is moderately wounded.
You die...

...........# #.. ...........#
#.. ...........# ##.
#..........# #.. ##.........#
#.# ###.......# ##.#
###.....# #..# ##.SS.# ##.##
###@.# #..# ....## #### #.##
#).....### ##.# #........##
#..# #.........### #.##
#...>.....[.############.#
###........................#
#<..........####.#########..#
#..........##
##รท.....#####.#


You could see 2 adders.

Vanquished Creatures
  An orc priest (D:3)
  An iguana (D:4)
  4 adders
  2 worms
  2 dart slugs
  4 orcs
  8 bats
  2 endoplasms
  3 giant cockroaches
  4 goblins
  9 hobgoblins
  A quokka (D:2)
  A ball python (D:1)
  7 frilled lizards
  4 kobolds
  4 rats
57 creatures vanquished.

Notes
Turn   | Place    | Note
-------+----------+-------------------------------------------
     0 | D:1      | sanka the Kobold Warper began the quest for the Orb.
     0 | D:1      | Reached XP level 1. HP: 12/12 MP: 3/3
   117 | D:1      | Reached XP level 2. HP: 17/17 MP: 5/5
  1024 | D:2      | Found a faded altar of an unknown god.
  1042 | D:2      | Reached XP level 3. HP: 19/21 MP: 6/6
  1068 | D:2      | Learned a level 3 spell: Confusing Touch
  1694 | D:2      | Reached skill level 1 in Hexes
  1798 | D:2      | Reached XP level 4. HP: 26/26 MP: 7/7
  3632 | D:3      | Reached XP level 5. HP: 30/30 MP: 9/9
  4848 | D:4      | Succumbed to an adder's poison

Illustrated notes

Levels and vault maps discovered:
D:1:      scummos_arrival_forest, layout_basic
D:2:      layout_loops_corners, basic_ecumenical_altar, minmay_misc_feat_room,
          kennysheep_cross_room, chequers_jeans
D:3:      layout_basic
D:4:      gammafunk_cloud_chamber, layout_cave_pods, gammafunk_ghost_smash,
          uniq_duvessa

Skill      XL: |  1  2  3  4  5 |
---------------+----------------+-----
Maces & Flails | 2 3 |  3.1
Hexes          | 1 2 3 |  3.4
Spellcasting   | 3 |  3.0
Fighting       | |  2.1
Throwing       | |  1.1
Armour         | |  0.7
Dodging        | |  2.4
Translocations | |  3.0

Action                   |  1- 3 |  4- 6 || total
-------------------------+-------+-------++-------
Melee: Mace              |    68 |       ||    68
       Short sword       |     3 |   162 ||   165
       Punch             |       |     3 ||     3
 Stab: Sleeping          |     9 |     2 ||    11
Armor: Leather armour    |    12 |    43 ||    55
Dodge: Dodged            |    45 |   111 ||   156
